Cogmind - Beta 15 @@@ ROGUE MODE // 2025.06.02 @ 18:39:24 Player: McSaucyNugget Result: Self-destructed Performance ------------- Evolutions (3) 1500 Regions Visited (5) 1000 Robots Destroyed (51) 255 Value Destroyed (1449) 1449 Prototype IDs (17) 340 Alien Tech Used (0) 0 Bonus (0) 0 TOTAL SCORE: 4544 Bonus ------- None Cogmind --------- Core Integrity 346/700 Matter 277/300 Energy 97/100 System Corruption 4% Temperature Cool (0) Movement Core (1350) Ox26 Location -7/Factory Parts ------- > --- POWER (1) -------- (None) > --- PROPULSION (5) --- (None) > --- UTILITY (5) ------ Huge Storage Unit Improved Signal Interpreter System Shield > --- WEAPON (2) ------- (None) > --- INVENTORY (25) --- Light Nuclear Core Light Nuclear Core Light Treads Improved Flight Unit Improved VTOL Module Improved Sensor Array Improved Terrain Scanner Advanced Terrain Scan Processor Improved Utility Shielding Hardened Medium Armor Plating Hardened Heavy Armor Plating Hardened Heavy Armor Plating Hardened Heavy Armor Plating Gun Armor Heavy Ion Cannon Gauss Rifle Gauss Rifle Gauss Rifle Multitool Power Maul Peak State ------------ > --- POWER ------------ Light Nuclear Core > --- PROPULSION ------- Improved Treads Advanced Treads Medium Treads Compact Wheel Armored Wheel > --- UTILITY ---------- Improved Heat Sink Huge Storage Unit Improved Sensor Array Improved Signal Interpreter System Shield > --- WEAPON ----------- Heavy Ion Cannon Heavy Ion Cannon > --- INVENTORY -------- Light Nuclear Core Light Nuclear Core Light Treads Wheel Compact Wheel Improved Flight Unit Improved VTOL Module Improved Sensor Array Improved Terrain Scanner Advanced Terrain Scan Processor Improved Utility Shielding Hardened Medium Armor Plating Hardened Heavy Armor Plating Hardened Heavy Armor Plating Hardened Heavy Armor Plating Gun Armor Gauss Rifle Gauss Rifle Gauss Rifle Rocket Launcher Multitool Power Maul [Rating: 44] Favorites ----------- Power Ion Engine Engine Ion Engine Power Core Light Nuclear Core Propulsion Wheel Treads Light Treads Wheel Wheel Utility Huge Storage Unit Device Improved Sensor Array Storage Huge Storage Unit Processor Improved Signal Interpreter Hackware System Shield Protection Medium Armor Plating Weapon Heavy Ion Cannon Energy Gun Spread Laser Energy Cannon Heavy Ion Cannon Ballistic Gun Assault Rifle Ballistic Cannon Battle Cannon Launcher Rocket Launcher Impact Weapon Heavy Hammer Build | -11 -10 -10 -10 -8 -7 ------- Run | Yrd Mat Min Sub Mat Fac Slots Evolved 6 | . . . . 4 2 Power . | . . . . . . Propulsion 3 | . . . . 2 1 Utility 3 | . . . . 2 1 Weapon . | . . . . . . Parts Attached 50 | 6 8 1 4 17 14 Power 5 | 1 1 . . 2 1 Engine 4 | 1 1 . . 2 . Core 1 | . . . . . 1 Reactor . | . . . . . . Propulsion 18 | 2 2 . 2 6 6 Treads 8 | 2 . . . 4 2 Leg . | . . . . . . Wheel 10 | . 2 . 2 2 4 Hover . | . . . . . . Flight . | . . . . . . Utility 13 | 1 2 . 1 5 4 Device 5 | . 1 . . 3 1 Storage 2 | 1 1 . . . . Processor 1 | . . . . . 1 Hackware 1 | . . . . . 1 Protection 4 | . . . 1 2 1 Artifact . | . . . . . . Weapon 14 | 2 3 1 1 4 3 Energy Gun 5 | 2 1 . . 2 . Energy Cannon 2 | . . . . 1 1 Ballistic Gun 4 | . 1 . . 1 2 Ballistic Cannon 1 | . . . 1 . . Launcher 1 | . . 1 . . . Special Weapon . | . . . . . . Impact Weapon 1 | . 1 . . . . Slashing Weapon . | . . . . . . Piercing Weapon . | . . . . . . Special Melee Weapon . | . . . . . . Unidentified Prototypes 2 | . . . . 2 . Parts Lost 22 | . 1 . 3 5 13 Power 4 | . 1 . . 2 1 Propulsion 9 | . . . 1 1 7 Utility 6 | . . . 2 1 3 Weapon 3 | . . . . 1 2 Highest Loss Streak 12 | . 1 . 3 3 12 To Critical Strikes 1 | . . . . . 1 Average Backups 16 | 2 7 17 19 20 21 Power . | . . 1 1 . 1 Propulsion 4 | 1 2 4 5 4 5 Utility 4 | . 1 5 4 5 8 Weapon 5 | . 1 6 7 9 5 Tool/Special . | . . . . . . Unused Backups 34 | . 4 . . 9 21 Power 2 | . . . . . 2 Propulsion 4 | . 1 . . . 3 Utility 12 | . 1 . . 2 9 Weapon 15 | . 2 . . 7 6 Tool/Special 1 | . . . . . 1 Average Slot Usage (%) 95 | . 98 100 93 94 95 Engine 9 | . 13 14 14 6 2 Core 1 | . . . . . 4 Treads 14 | . 19 . . 17 20 Wheel 17 | . 8 28 26 17 14 Device 13 | . 12 14 8 16 15 Storage 10 | . 14 14 14 9 7 Hackware 1 | . . . . . 6 Protection 2 | . . . . 8 3 Energy Gun 10 | . 22 14 14 6 . Energy Cannon 3 | . . . . 3 9 Ballistic Gun 2 | . 1 7 3 2 3 Ballistic Cannon 2 | . . . 3 5 . Impact Weapon 2 | . 4 6 6 . . Peak Build Rating 44 | 6 11 11 12 32 44 Average Rating 20 | 4 8 10 10 25 38 On Entrance 11 | . 6 11 10 11 32 Naked Turns . | . . . . . . Heaviest Build 108 | 12 92 92 92 107 108 Greatest Support 40 | 40 40 20 26 28 28 Greatest Overweight (x) 9 | 2 4 4 8 6 9 Average Overweight (x) 2 | . 1 4 3 3 3 Largest Inventory Capacity 25 | 8 25 25 25 25 25 Average Capacity 21 | 7 13 25 25 25 25 Most Carried 25 | 3 16 18 22 25 25 Average Carried 18 | 2 7 17 19 22 24 Final Capacity 25 | 8 25 25 25 25 25 Final Carried 25 | 3 16 18 22 25 23 Class Distribution -------------------- 100% | Mutant Dominant Class ---------------- Mutant | -10/Materials Mutant | -10/Mines Mutant | -10/Subcaves Mutant | -8/Materials Mutant | -7/Factory Resources | -11 -10 -10 -10 -8 -7 ----------- Run | Yrd Mat Min Sub Mat Fac Matter Collected 1198 | 249 103 31 48 467 300 Remotely . | . . . . . . Salvage Created 1646 | . 415 11 38 603 579 Parts 112 | . 30 7 2 45 28 Haulers Intercepted 2 | . . . . 1 1 Recyclers Shooed 1 | . . . . 1 . Parts Field Recycled . | . . . . . . Retrieved Matter . | . . . . . . Parts Self-Destructed 4 | . . . 4 . . Prevented . | . . . . . . Kills | -11 -10 -10 -10 -8 -7 ------- Run | Yrd Mat Min Sub Mat Fac Combat Hostiles Destroyed 36 | . 12 3 1 10 10 Guns 13 | . 9 . 1 3 . Cannons 11 | . . . . 5 6 AOE 12 | . 3 3 . 2 4 Classes Destroyed 14 | . 6 . 2 5 1 Worker 1 | . 1 . . . . Builder 2 | . 1 . . 1 . Tunneler 1 | . . . . 1 . Hauler 2 | . . . . 1 1 Recycler 3 | . . . . 2 1 Operator 3 | . 1 . . 1 1 Watcher 3 | . 1 . . 1 1 Swarmer 13 | . 6 3 . 2 2 Grunt 12 | . 6 . . 2 4 Sentry 6 | . . . . 5 1 Hunter 3 | . . . . 1 2 Programmer 1 | . . . . . 1 Artisan 1 | . . . 1 . . Subdweller 1 | . . . 1 . . Best Kill Streak 5 | . 5 3 1 5 2 Combat Bots Only 3 | . 3 3 1 3 2 Max Kills in Single Turn 3 | . 2 3 1 1 2 Gunslinging . | . . . . . . Exploded 3 | . 1 3 . 1 1 Melee . | . . . . . . Uniques/NPCs Destroyed . | . . . . . . Combat | -11 -10 -10 -10 -8 -7 -------- Run | Yrd Mat Min Sub Mat Fac Hostile Shots Fired 405 | . 41 8 18 74 264 Missed 133 | . 13 3 4 22 91 Hits 272 | . 28 5 14 52 173 Projectile 272 | . 28 5 14 52 173 Critical Strikes 6 | . . . . 2 4 Damage Taken 3268 | . 347 89 396 767 1669 Core 609 | . 74 9 74 98 354 Absorbed by Shields . | . . . . . . Regen/Repaired (Parts) 31 | . . . . . 31 Core Remaining (%) 73 | 100 . . 37 82 . Volleys Fired 141 | . 33 1 8 49 50 Largest 2 | . 2 1 2 2 2 Hottest 130 | . 85 33 98 120 130 Shots Fired 261 | . 64 1 16 87 93 Gun 139 | . 64 . 14 39 22 Cannon 111 | . . . 2 46 63 Launcher 11 | . . 1 . 2 8 Special . | . . . . . . Kinetic 88 | . 7 . 8 52 21 Thermal 94 | . 5 . 8 17 64 Explosive 11 | . . 1 . 2 8 Electromagnetic 68 | . 52 . . 16 . Robot Hit Streak 16 | . 6 3 8 16 7 Robot Miss Streak 4 | . 4 . 3 4 3 Penetration Max . | . . . . . . Secondary Targets 4 | . 4 . . . . Max Gunslinging Chain 1 | . 1 . . . . Shots Hit Robots 156 | . 38 1 17 53 47 Core Hits 84 | . 23 3 9 23 26 Critical Kills 1 | . . . 1 . . Critical Parts Destroyed . | . . . . . . Critical Strikes 2 | . . . 1 1 . Blast 1 | . . . . 1 . Smash 1 | . . . 1 . . Melee Attacks 17 | . 1 1 15 . . Impact 17 | . 1 1 15 . . Slashing . | . . . . . . Piercing . | . . . . . . Sneak Attacks 2 | . . . 2 . . Combat Hostiles . | . . . . . . Follow-up Attacks . | . . . . . . Damage Inflicted 3718 | . 699 145 381 1181 1312 Guns 1322 | . 539 . 140 472 171 Cannons 1385 | . . . . 559 826 Explosions 750 | . 160 145 . 130 315 Melee 241 | . . . 241 . . Ramming 20 | . . . . 20 . Kinetic 954 | . 42 . 49 692 171 Thermal 1285 | . 205 . 91 163 826 Explosive 590 | . . 145 . 130 315 Electromagnetic 628 | . 452 . . 176 . Impact 241 | . . . 241 . . Slashing . | . . . . . . Piercing . | . . . . . . Highest Corruption 4 | . . . . . 4 Average Corruption 1 | . . . . . 1 Corruption Purged . | . . . . . . Corruption Blocked . | . . . . . . Effects 7 | . . . . . 7 Message Errors 1 | . . . . . 1 Matter Fused 1 | . . . . . 1 Energy Discharges 1 | . . . . . 1 Data Loss (minor) 2 | . . . . . 2 Misfires 1 | . . . . . 1 Alerts 1 | . . . . . 1 Overload Shots . | . . . . . . Overflow Damage 43 | . . . . . 43 Projectiles 43 | . . . . . 43 Explosions . | . . . . . . Melee . | . . . . . . Knockbacks 5 | . . . . 5 . Impact . | . . . . . . Kinetic 5 | . . . . 5 . Secondary . | . . . . . . Self-Inflicted Damage 120 | . 64 49 . 7 . Shots 3 | . 2 1 . . . Rammed 3 | 1 . . . 2 . Targets Rammed 3 | 1 . . . 2 . Kicked . | . . . . . . Crushed . | . . . . . . Highest Temperature 168 | . 168 . . 69 69 Average Temperature 34 | . 53 . . 21 19 Received Heat Transfer 726 | . 90 . 126 306 204 Siege Activations . | . . . . . . Martial Activations . | . . . . . . Shielding Activations . | . . . . . . Robots Disrupted . | . . . . . . Combat Hostiles . | . . . . . . Robots Corrupted . | . . . . . . Combat Hostiles . | . . . . . . Parts Fried 1 | . 1 . . . . Impact Corruptions . | . . . . . . Robots Melted . | . . . . . . Combat Hostiles . | . . . . . . Parts Melted 3 | . . . . . 3 Heat Transferred 1769 | . 255 . 125 279 1110 Parts Sabotaged . | . . . . . . Parts Stolen . | . . . . . . Parts Stripped . | . . . . . . Power Chain Reactions 4 | . 4 . . . . Alert | -11 -10 -10 -10 -8 -7 ------- Run | Yrd Mat Min Sub Mat Fac Maximum Alert Level . | . . . . . . Low Security (%) 100 | 100 100 100 . 100 100 Level 1 . | . . . . . . Level 2 . | . . . . . . Level 3 . | . . . . . . Level 4 . | . . . . . . Level 5 . | . . . . . . High Security . | . . . . . . Max Security . | . . . . . . Peak Influence 149 | . 88 85 . 149 120 Initial . | . . . . . . Average 40 | . 37 24 . 61 33 Influence Increases 1294 | . 398 85 . 421 390 Destroy 0b10 Robot/C 700 | . 240 60 . 200 200 Destroy 0b10 Robot/NC 75 | . 20 . . 35 20 Destroy Leader 200 | . 42 10 . 84 64 Allied During Kill 4 | . . 4 . . . Successful Hack 31 | . 6 . . 13 12 Disable Machine 120 | . 60 . . 60 . Destroy Structure 119 | . 15 11 . 29 64 Lose Combat Pursuer 45 | . 15 . . . 30 Influence Decreases 1294 | . 398 85 . 421 390 Time Decay 1123 | . 388 65 . 371 299 Lost Part 151 | . 10 . . 50 91 Lost Ally 20 | . . 20 . . . Squads Dispatched 9 | . 1 . . 2 6 Investigation 2 | . 1 . . . 1 Extermination 2 | . . . . . 2 Reinforcement 5 | . . . . 2 3 Assault . | . . . . . . Garrison . | . . . . . . Intercept . | . . . . . . Searches Triggered . | . . . . . . Construction Impeded 1 | . . . . 1 . Haulers Reinforced . | . . . . . . Active Scanning Responses . | . . . . . . Cargo Convoy Interrupts . | . . . . . . Stealth | -11 -10 -10 -10 -8 -7 --------- Run | Yrd Mat Min Sub Mat Fac Distress Signals 4 | . 2 . . 2 . Communications Jammed . | . . . . . . Distress Signals . | . . . . . . Times Spotted 65 | . 18 6 1 17 23 Peak Tracking Total 9 | . 4 4 1 3 9 Tactical Retreats 3 | . 1 1 . . 1 Traps | -11 -10 -10 -10 -8 -7 ------- Run | Yrd Mat Min Sub Mat Fac Traps Triggered 3 | . 1 . . 2 . Indirectly . | . . . . . . Trap Hack Attempts . | . . . . . . Triggered . | . . . . . . Disarmed . | . . . . . . Reprogrammed . | . . . . . . Reused . | . . . . . . Traps Extracted . | . . . . . . Installed . | . . . . . . Triggered . | . . . . . . Machines | -11 -10 -10 -10 -8 -7 ---------- Run | Yrd Mat Min Sub Mat Fac Machines Disabled 9 | . 4 . 1 4 . Max in Single Turn 2 | . 1 . 1 2 . Machines Repaired . | . . . . . . Machines Dismantled . | . . . . . . Machines Sabotaged . | . . . . . . Overloaded Fab Kills . | . . . . . . Hacking | -11 -10 -10 -10 -8 -7 --------- Run | Yrd Mat Min Sub Mat Fac Machines Accessed 15 | . 2 . 1 9 3 Terminals 8 | . 1 . . 7 . Fabricators . | . . . . . . Repair Stations 1 | . . . . . 1 Recycling Units 2 | . 1 . . . 1 Scanalyzers 2 | . . . . 2 . Garrison Access 1 | . . . . . 1 Total Hacks 40 | . 5 . 9 19 7 Successful 23 | . 1 . 9 11 2 Failed 17 | . 4 . . 8 5 Catastrophic 5 | . 1 . . 2 2 Database Lockouts . | . . . . . . Manual 5 | . 5 . . . . Terminals 17 | . 3 . . 14 . Fabricators . | . . . . . . Repair Stations 2 | . . . . . 2 Recycling Units 4 | . 2 . . . 2 Scanalyzers 5 | . . . . 5 . Garrison Access 3 | . . . . . 3 Terminal Hacks 16 | . 1 . 9 6 . Record 8 | . . . 8 . . Robot Analysis 1 | . 1 . . . . Prototype ID Bank 1 | . . . . 1 . Terminal Index 1 | . . . . 1 . Scanalyzer Index 1 | . . . . 1 . Alert Level 1 | . . . . 1 . Locate Traps 2 | . . . . 2 . Proto ID Catalog 1 | . . . 1 . . Fabricator Hacks . | . . . . . . Repair Station Hacks 2 | . . . . . 2 Scan Component 1 | . . . . . 1 Repair 1 | . . . . . 1 Recycling Unit Hacks . | . . . . . . Scanalyzer 5 | . . . . 5 . Insert Component 3 | . . . . 3 . Analyze 2 | . . . . 2 . Garrison Access Hacks . | . . . . . . Unauthorized Hacks . | . . . . . . Terminals . | . . . . . . Fabricators . | . . . . . . Repair Stations . | . . . . . . Recycling Units . | . . . . . . Scanalyzers . | . . . . . . Garrison Access . | . . . . . . Data Cores Recovered . | . . . . . . Used . | . . . . . . Hacking Detections 10 | . 2 . . 5 3 Full Trace Events 1 | . . . . . 1 Feedback Events 1 | . . . . . 1 Corruption 1 | . . . . . 1 Feedback Blocked . | . . . . . . Robot Schematics Acquired . | . . . . . . Robots Built . | . . . . . . Authchips . | . . . . . . Time . | . . . . . . Total Robot Build Rating . | . . . . . . Part Schematics Acquired 2 | . . . . 2 . Parts Built . | . . . . . . Authchips . | . . . . . . Time . | . . . . . . Total Part Build Rating . | . . . . . . Parts Repaired 1 | . . . . . 1 Time 16 | . . . . . 16 Parts Recycled . | . . . . . . Recycled Matter . | . . . . . . Retrieved Matter . | . . . . . . Retrieved Components . | . . . . . . Parts Scanalyzed 2 | . . . . 2 . Part Schematics Acquired 2 | . . . . 2 . Parts Damaged . | . . . . . . Bothacking | -11 -10 -10 -10 -8 -7 ------------ Run | Yrd Mat Min Sub Mat Fac Used RIF Installer . | . . . . . . Robots Hacked . | . . . . . . Non-combat . | . . . . . . Combat . | . . . . . . Robot Hacks Applied . | . . . . . . Relay Couplers Released . | . . . . . . Fabnet Peak Effective % . | . . . . . . Robots Rewired . | . . . . . . Allies Hacked . | . . . . . . Hacks Repelled . | . . . . . . Allies | -11 -10 -10 -10 -8 -7 -------- Run | Yrd Mat Min Sub Mat Fac Total Allies 2 | . . 2 . . . Largest Group 2 | . . 2 . . . Highest-Rated Group 49 | . . 49 . . . Highest-Rated Ally 31 | . . 31 . . . Total Orders . | . . . . . . Ally Attacks 7 | . . 7 . . . Total Damage 62 | . . 62 . . . Kills 1 | . . 1 . . . Allies Corrupted . | . . . . . . Allies Melted . | . . . . . . Intel | -11 -10 -10 -10 -8 -7 ------- Run | Yrd Mat Min Sub Mat Fac Active Infowar (turns) 4077 | . 1072 265 488 1029 1223 Sensors 2174 | . . . . 951 1223 Structural 745 | . . . . 745 . Seismic 1825 | . 1072 265 488 . . Robot Analysis Total 1 | . 1 . . . . Derelict Logs Recovered 1 | . . 1 . . . Drone Launches . | . . . . . . Drone Recoveries . | . . . . . . Exploration | -11 -10 -10 -10 -8 -7 ------------- Run | Yrd Mat Min Sub Mat Fac Turns Passed 4686 | 100 1182 265 843 1066 1230 Spaces Moved 2786 | 58 679 182 546 614 707 Core 12 | 12 . . . . . Treads 464 | 46 418 . . . . Legs . | . . . . . . Wheels 2310 | . 261 182 546 614 707 Hover . | . . . . . . Flight . | . . . . . . Fastest Speed 50 | 50 140 140 135 135 135 Average Speed 142 | 149 152 140 140 137 140 Slowest Speed 215 | 160 160 140 200 190 215 Overloaded Moves . | . . . . . . Propulsion Burnouts . | . . . . . . Robots Hopped . | . . . . . . Potential Cave-ins . | . . . . . . Cave-ins Triggered . | . . . . . . Exploration Rate (%) 38 | 4 88 31 41 49 18 Regions Visited 5 Branch Regions 2 Pre-discovered Areas 1 | . . . 1 . . Known Exits Taken . | . . . . . . Unknown Exits Taken 5 | 1 1 1 1 1 . Scrap Searched 4 | . . 2 2 . . Spaces Dug 5 | . . . . 2 3 Terrain Destroyed 126 | . 13 13 . 27 73 Melee . | . . . . . . Projectile 21 | . . . . 7 14 AOE 105 | . 13 13 . 20 59 Terrain Rammed . | . . . . . . Walls Destroyed . | . . . . . . Machines Disabled . | . . . . . . Actions | -11 -10 -10 -10 -8 -7 --------- Run | Yrd Mat Min Sub Mat Fac Total 3199 | 68 762 188 579 749 853 Wait 90 | . 16 1 . 18 55 Move 2782 | 58 678 181 545 613 707 Hop . | . . . . . . Pick Up 62 | 4 19 2 5 22 10 Fast Attach 16 | 5 2 . . 7 2 Attach 17 | 1 2 . 2 8 4 Detach 1 | . . . . 1 . Swap 33 | . 4 2 4 10 13 Drop 38 | . 7 . . 19 12 Fire 141 | . 33 1 8 49 50 Melee 17 | . 1 1 15 . . Ram 1 | . . . . 1 . Kick . | . . . . . . Crush 1 | . . . . 1 . Escape Stasis . | . . . . . . Rewire . | . . . . . . Trap . | . . . . . . Miscellaneous . | . . . . . . Route ------- -11/Scrapyard -10/Materials (discovered 4 exits: [*Mat x3] / [*Min]) -10/Mines -10/Subcaves -8/Materials -7/Factory (discovered 3 exits: [*Fac] / Sto / *Low) History --------- Turn | Location | Event 11 | -11/Scrapyard | Discovered new exit (range 15) 101 | -11/Scrapyard | Entered Materials 307 | -10/Materials | Discovered new exit (range 6) 308 | -10/Materials | Build established: Mutant 559 | -10/Materials | Discovered new exit (range 8) 617 | -10/Materials | Discovered new exit (range 5) 735 | -10/Materials | Discovered new exit (range 14) 1283 | -10/Materials | Entered Mines 1290 | -10/Mines | Received a Rocket Launcher from a helpful Derelict 1470 | -10/Mines | Assembled infested the area 1529 | -10/Mines | Discovered new exit (range 12) 1548 | -10/Mines | Entered Subcaves 2034 | -10/Subcaves | Disturbed a concealed Subdweller 2069 | -10/Subcaves | Core integrity fell below 50% 2095 | -10/Subcaves | Lost 3 parts (1n2u) 2212 | -10/Subcaves | Discovered new exit (range 16) 2237 | -10/Subcaves | Visited 4L-MR0's lab 2255 | -10/Subcaves | Found Gun Armor 2334 | -10/Subcaves | Learned location of Zion (-7) 2334 | -10/Subcaves | Met a Zionite searching for "candidates" 2391 | -10/Subcaves | Entered Materials 2391 | -8/Materials | Evolved 4 slots: Propulsion x2, Utility x2 2565 | -8/Materials | Lost 3 parts (1p1n1u) 3270 | -8/Materials | Discovered new exit (range 9) 3457 | -8/Materials | Entered Factory 3457 | -7/Factory | Evolved 2 slots: Propulsion x1, Utility x1 3458 | -7/Factory | Identified exit to Storage 3608 | -7/Factory | Discovered new exit (range 16) 4021 | -7/Factory | Discovered new exit (range 11) 4085 | -7/Factory | Identified exit to Lower Caves 4522 | -7/Factory | Repaired Rocket Launcher 4687 | -7/Factory | Core integrity fell below 50% 4687 | -7/Factory | Self-destructed Last Messages --------------- 04670_ U-05 Engineer builds a Wall. 04671_ Arm. Wheel destroyed. 04671_ Adv. Treads destroyed. 04671_ Slug penetrates Wall. 04672_ Penetrated by Slug. 04674_ U-05 Engineer builds a Wall. 04674_ Com. Wheel destroyed. 04675_ Med. Treads destroyed. 04676_ Slug penetrates Wall. 04678_ U-05 Engineer lays Concrete. 04679_ Slug penetrates Wall. 04680_ Imp. Sensor Array destroyed. 04681_ Hvy. Ion Cannon destroyed. 04683_ Critical hit (Destroy). 04683_ Rocket Launcher destroyed. 04684_ U-05 Engineer lays Concrete. 04686_ Wheel destroyed. 04686_ Penetrated by Slug. 04686_ Imp. Heat Sink destroyed. 04686_ U-05 Engineer lays Concrete. Map ----- +----------------------------------------------------+ | ??????????????????????????????????# """" Y"#?? | | ??????????????????????????????????# """" """#?? | | ??????????????????????????????????# #?? | | #?????????????????????????????????#####+#+######?? | | ???????????###????????????############# +????? | | ??????????? ???????????? # #????? | | ??????????? ?????????????? """ # # """? | | #+#####???? ?????????????" """ "" + / """ | | #???"" ""????????# """ """ """ # # """? | | " " " #???"" ""??? #???# S" # # | | " " " # """" """" #???# ! ! # #? | | " " " # """" """" #?????###""" ""#### #??" " | | " " " # """" """" #?????# # #??"G" | | " " " # """" """" #????## # #???? | | " " " # #????#" " #????? | | " " " # #????#" " #????? | | " " " # #????# " # ???? | | " " " #####+#+########### " [=# ???? | | ????# "# " # ???? | | ########### ##" # =# "??? | | * * [= * ##" # #?? ? | | ########### % #?# % # #? ?? | | ??????????# #?# # #? ?? | | ??????????# #?# == # #! ?? | | ???????#### ########;;;;;;## #+ | | ????? u @ ha % | | ???? !% Y | | ????? su ! | | ???? | | ???? %% | | ???? ##### ####################+## ##### | | ???? ??? #??????## =!%= #? | | ?????? ???" ]#???????# ==! #? | | ??????? ????? #???????# * """"" #? | | ????????????? """ """ #???????# """" #? | | ??????????????# """ """ #???????# """ #? | | ??????????????# """ """ #???????# #? | | ??????????????# #???????# " #? | | ??????????????# """ """ #???????# #? | | ??????????????# """ """ #???????# #? | | ??????????????? ?"" """ #???????# " "" #? | | ????????????????? #???????# "R"" #? | | ?????????????????? #???????# """ #? | | ??????????????????#?########???????##############? | | ?????????????????????????????????????????????????? | | ?????????????????????????????????????????????????? | | ?????????????????????????????????????????????????? | | ?????????????????????????????????????????????????? | | ?????????????????????????????????????????????????? | | ?????????????????????????????????????????????????? | +----------------------------------------------------+ Best States ------------- Heat Dissipation 48 Energy Generation 14 Energy Capacity 265 Matter Stores 300 Matter Capacity 300 Sight Range 16 Robot Scan Range 15 Terrain Scan Density 10 Armor Coverage 225 Evasion (%) 40 Recoil Reduction 3 Defensive Hacking 10 Item Schematics ----------------- Multitool | -8/Materials | Scanalyzed Imp. VTOL Module | -8/Materials | Scanalyzed Robot Schematics ------------------ None Fabricated ------------ Nothing Repaired ---------- Rocket Launcher | 55% | -7/Factory Alien Tech Used ----------------- None Achievements -------------- None Challenges ------------ None Game ------ Seed StealthHardlightAmplifier Manual? 0 Play Time 00:33:51 Cumulative 66.4 hours Start 2025.06.02 @ 18:04:36 End 2025.06.02 @ 18:39:24 Sessions 1 Manual Loads 0 Difficulty Rogue Special Mode None Game No. 48 Rogue 48 Adventurer 0 Explorer 0 Win Type - Total 5 Types 2/0/1/0/1/0/0/0/0/1 Lore% 54 Gallery% 50 Achievement% 55 Wizard Run 0 Options --------- Layout 0 ASCII 0 Keyboard 1 Movement Vi Keybinds 0 Fullscreen 2 Font 18/SmallcapsGlow Map View 76x50 Zoom Use 0% Tactical HUD 1 Map Filters NONE Filters NONE Steam 1 RUN: 02e67755-3794-4e49-881d-64121ffcbd3e